Map: Fields of Death

Players

neulaender

  • Race: Zerg Zerg

knoten

  • Race: Zerg Zerg

Bunnyvere

  • Race: Protoss Protoss

Baumdoktor

  • Race: Protoss Protoss

VOD

Have the link to the VOD?

Description

Time

  • Played on: Sept. 11, 2016, 1:43 p.m.
  • Length: 7:30
Show
View Real Time Build Order
Export as new Build Order

neulaender Zerg 

Build Orders: Hatch First 

Get SALT Encoding   

  12  0:02  Drone  
  13  0:08  Drone  
  14  0:16  Overlord  
  14  0:43  Hatchery  
  14  0:46  Drone  
  15  0:50  Drone  
  15  0:53  Drone  
  16  1:10  Spawning Pool  
  15  1:13  Drone  
  15  1:17  Extractor  
  15  1:18  Drone  
  16  1:22  Drone  
  17  1:29  Drone  
  18  1:42  Overlord  
  18  1:52  Drone  
  19  1:57  Queen  
  19  1:58  Queen  
  23  2:03  Overlord  
  23  2:14  Drone x2  
  23  2:15  Drone  
  26  2:22  Metabolic Boost  
  26  2:28  Zergling x4  
  28  2:40  Drone x3  
  31  2:49  Roach Warren  
  30  2:55  Drone x2, Extractor  
  31  3:00  Drone x2  
  33  3:12  Overlord  
  33  3:14  Drone x4  
  37  3:29  Drone x3, Evolution Chamber x2  
  37  3:30  Drone  
  39  3:37  Lair  
  39  3:48  Extractor  
  39  3:50  Extractor  
  39  3:53  Drone  
  39  3:54  Drone x2  
  40  3:57  Zerg Missile Weapons Level 1  
  40  4:00  Drone x2  
  40  4:01  Drone  
  43  4:04  Drone x2  
  45  4:14  Zerg Ground Armor Level 1  
  46  4:17  Drone x2  
  46  4:18  Drone  
  48  4:24  Zergling x6  
  48  4:25  Zergling x2  
  52  4:34  Overlord x2  
  52  4:35  Overlord  
  52  4:36  Overlord  
  52  4:39  Glial Reconstitution  
  52  4:44  Burrow  
  52  4:47  Overlord  
  51  5:22  Drone x2  
  51  5:25  Drone x2  
  51  5:27  Roach x5  
  65  5:30  Roach  
  67  5:37  Roach  
  69  5:44  Roach  
  69  5:50  Roach  
  69  5:51  Roach x6  
  81  6:06  Roach  
  81  6:07  Roach  
  81  6:08  Overlord x2  
  79  6:14  Spine Crawler  
  79  6:16  Spine Crawler  
  79  6:17  Spine Crawler  
  79  6:18  Spine Crawler  
  73  6:27  Roach x7  
  87  6:35  Hatchery  
  86  6:59  Roach x6  
Show
View Real Time Build Order
Export as new Build Order

knoten Zerg 

Build Orders: Pool First 

Get SALT Encoding   

  12  0:03  Drone  
  13  0:13  Drone  
  14  0:24  Overlord  
  14  0:27  Overlord  
  14  0:43  Drone  
  15  0:55  Drone x2  
  17  1:07  Spawning Pool  
  17  1:13  Evolution Chamber  
  17  1:21  Evolution Chamber  
  16  1:29  Spawning Pool  
  16  1:31  Drone x3  
  18  1:39  Extractor  
  17  1:45  Extractor  
  17  1:46  Drone  
  17  1:52  Drone  
  18  2:21  Zergling x4  
  20  2:25  Zergling x2  
  20  2:28  Queen  
  23  2:35  Zerg Melee Weapons Level 1  
  23  2:46  Zergling x2  
  23  2:50  Zergling x2  
  25  2:58  Zergling x2  
  26  3:07  Zergling x2  
  26  3:09  Metabolic Boost  
  27  3:17  Lair  
  27  3:22  Zergling x2  
  28  3:29  Zergling x2  
  29  4:13  Drone  
  30  4:29  Zerg Missile Weapons Level 1  
  30  4:46  Roach Warren  
  29  5:44  Queen, Hatchery  
  29  5:48  Infestation Pit  
  29  6:16  Hatchery  
  28  6:32  Roach  
Show
View Real Time Build Order
Export as new Build Order

Bunnyvere Protoss 

Build Orders:  

Get SALT Encoding   

  12  0:02  Probe (Chrono Boost)  
  13  0:12  Probe (Chrono Boost)  
  14  0:20  Pylon  
  14  0:23  Probe (Chrono Boost)  
  15  0:39  Probe (Chrono Boost)  
  15  0:42  Gateway  
  16  0:46  Assimilator  
  16  0:49  Probe (Chrono Boost)  
  17  0:58  Pylon  
  17  1:02  Probe (Chrono Boost)  
  18  1:14  Probe (Chrono Boost)  
  19  1:24  Gateway  
  19  1:25  Probe (Chrono Boost)  
  20  1:33  Cybernetics Core  
  20  1:35  Zealot  
  22  1:46  Pylon  
  22  1:56  Assimilator  
  22  2:05  Warp Gate  
  22  2:07  Pylon  
  22  2:19  Probe (Chrono Boost)  
  23  2:24  Stalker  
  25  2:36  Stalker  
  27  2:49  Forge  
  27  2:56  Stalker  
  29  3:07  Pylon  
  29  3:12  Nexus  
  29  3:17  Pylon  
  29  3:20  Stalker  
  29  3:23  Protoss Ground Weapons Level 1  
  31  3:35  Stalker  
  33  3:44  Probe (Chrono Boost)  
  34  3:53  Gateway  
  35  3:56  Probe (Chrono Boost)  
  35  4:05  Pylon  
  35  4:12  Gateway  
  35  4:14  Stalker  
  37  4:22  Probe (Chrono Boost)  
  38  4:34  Photon Cannon  
  38  4:50  Probe (Chrono Boost)  
  39  4:56  Probe (Chrono Boost)  
  40  5:01  Probe (Chrono Boost)  
  42  5:08  Probe (Chrono Boost), Stalker x3  
  48  5:38  Gateway x2  
  48  5:46  Twilight Council  
  48  6:25  Pylon  
  48  6:37  Pylon  
  48  6:45  Stalker x4  
  56  6:49  Stalker  
Show
View Real Time Build Order
Export as new Build Order

Baumdoktor Protoss 

Build Orders:  

Get SALT Encoding   

  12  0:02  Probe (Chrono Boost)  
  13  0:13  Probe (Chrono Boost)  
  14  0:21  Pylon  
  14  0:24  Probe (Chrono Boost)  
  15  0:40  Gateway  
  15  0:44  Probe (Chrono Boost)  
  16  0:54  Probe (Chrono Boost)  
  17  0:57  Gateway  
  17  1:05  Probe (Chrono Boost)  
  18  1:13  Pylon  
  18  1:15  Probe (Chrono Boost)  
  19  1:22  Assimilator  
  19  1:25  Assimilator  
  19  1:31  Probe (Chrono Boost)  
  20  1:41  Probe (Chrono Boost)  
  20  1:42  Cybernetics Core  
  21  1:52  Probe (Chrono Boost)  
  22  1:57  Pylon  
  22  2:10  Nexus  
  22  2:16  Pylon  
  22  2:19  Assimilator  
  22  2:29  Probe (Chrono Boost)  
  23  2:31  Warp Gate  
  23  2:40  Probe (Chrono Boost)  
  26  2:44  Adept  
  26  2:49  Adept  
  26  2:51  Probe (Chrono Boost)  
  29  2:58  Gateway  
  29  3:10  Gateway  
  29  3:15  Probe (Chrono Boost)  
  30  3:29  Pylon  
  30  3:37  Forge  
  30  3:45  Robotics Facility  
  31  3:48  Probe (Chrono Boost)  
  31  4:00  Adept x2  
  35  4:04  Adept  
  35  4:09  Adept  
  39  4:20  Probe (Chrono Boost)  
  41  4:31  Probe (Chrono Boost)  
  41  4:42  Probe (Chrono Boost)  
  42  4:52  Probe (Chrono Boost)  
  43  4:59  Mothership Core (Chrono Boost)  
  45  5:03  Probe (Chrono Boost)  
  45  5:05  Stalker x4  
  54  5:13  Probe (Chrono Boost)  
  55  5:24  Probe (Chrono Boost)  
  56  5:34  Probe (Chrono Boost)  
  56  5:35  Gateway  
  57  5:37  Gateway  
  57  5:39  Gateway  
  57  5:40  Gateway  
  57  5:42  Pylon  
  57  5:45  Probe (Chrono Boost)  
  58  5:55  Probe (Chrono Boost)  
  59  6:06  Probe (Chrono Boost)  
  54  6:16  Probe (Chrono Boost)  
  53  6:20  Stalker  
  53  6:21  Stalker x3  
  61  6:43  Twilight Council  
  61  6:48  Pylon  
  61  6:51  Pylon  
  61  6:53  Pylon  
  61  6:55  Pylon  
  61  6:56  Assimilator  
  45  7:09  Nexus  
  45  7:10  Assimilator  
  45  7:14  Assimilator  
Tags
 
Add a new tag
Caveats
  • Supply blocks, unpowered buildings, or Contaminate may cause inaccurate times.
  • Supply counts are checked every 10 seconds.